 Dungeon Crawl Stone Soup version 0.16-b1 (webtiles) character file.

570 asthiss the Cudgeler (level 7, -8/61 HPs)
             Began as a Minotaur Berserker on Mar 14, 2015.
             Was a Priest of Trog.
             Mangled by 4thArraOfDagon's ghost (12 damage)
             ... on level 4 of the Dungeon.
             The game lasted 00:27:32 (3573 turns).

asthiss the Cudgeler (Minotaur Berserker)           Turns: 3573, Time: 00:27:33

Health: -8/61      AC:  6    Str: 21    XL:     7   Next: 11%
Magic:  3/3        EV: 12    Int:  4    God:    Trog [***...]
Gold:   229        SH:  0    Dex: 12    Spells: 0 memorised, 6 levels left

rFire  . . .     SeeInvis .     a - +0 mace
rCold  . . .     Clarity  .     f - +0 ring mail
rNeg   . . .     SustAb   .     (no shield)
rPois  .         Gourm    +     (helmet restricted)
rElec  .         Spirit   .     (no cloak)
rCorr  .         Warding  .     (no gloves)
rMut   .         Rnd*Tele +     (no boots)
MR     .....                    n - amulet of the gourmand
Stlth  +.........               i - ring of teleportation (curse)
                                e - ring of stealth

@: exhausted, slowed, glowing, very slow, not resistant to hostile enchantments,
very unstealthy
A: retaliatory headbutt, hooves 1, horns 2
a: Burn Spellbooks, Berserk, Trog's Hand, Renounce Religion, Evoke Teleportation


You were on level 4 of the Dungeon.
You worshipped Trog.
Trog was most pleased with you.
You were not hungry.

You visited 1 branch of the dungeon, and saw 4 of its levels.

You collected 229 gold pieces.

Inventory:

Hand weapons
 a - a +0 mace (weapon)
Armour
 b - a +0 animal skin
 f - a +0 ring mail (worn)
 j - a +0 ring mail
 t - a +0 ring mail
 y - the cursed -5 ring mail of Objectivity {rPois}
   (You found it on level 4 of the Dungeon)

   It protects you from poison.
   It has a curse placed upon it.
Jewellery
 e - a ring of stealth (left hand)
 i - a cursed ring of teleportation (right hand)
 n - an amulet of the gourmand (around neck)
Magical devices
 h - a wand of polymorph (9)
 k - a wand of slowing (19)
 o - a wand of random effects (29)
 x - a wand of magic darts (28)
Scrolls
 u - a scroll of magic mapping
Potions
 l - a potion of haste {unknown}
 q - 2 potions of curing {unknown}
 s - a potion of might {unknown}
 v - 2 potions of resistance {unknown}
 w - a potion of lignification {unknown}
Comestibles
 c - 2 bread rations
 d - a fruit
 g - 4 meat rations
 r - a beef jerky


   Skills:
 + Level 5.5 Fighting
 * Level 6.8 Maces & Flails
 + Level 4.4 Armour
 + Level 4.4 Dodging


You had 6 spell levels left.
You didn't know any spells.

Dungeon Overview and Level Annotations

Branches:
Dungeon (4/15)
 Temple: D:4-7

Altars:
Makhleb
Vehumet
Xom

Annotations:
D:4 4thArraOfDagon's ghost, average HOAM


Innate Abilities, Weirdness & Mutations

You reflexively headbutt those who attack you in melee.
You have a pair of horns on your head.
You have large cloven feet.


Message History

You feel less resistant to hostile enchantments. 4thArraOfDagon's ghost hits you.
You closely miss 4thArraOfDagon's ghost.
Your headbutt misses 4thArraOfDagon's ghost. 4thArraOfDagon's ghost is heavily damaged. 4thArraOfDagon's ghost gestures at you while chanting.
You are outlined in light. 4thArraOfDagon's ghost hits you!
Your feet thicken and deform.
You feel fantastic! 4thArraOfDagon's ghost hits you!
* * * LOW HITPOINT WARNING * * *
4thArraOfDagon's ghost misses you. 4thArraOfDagon's ghost misses you.
You furiously retaliate!
You headbutt 4thArraOfDagon's ghost! 4thArraOfDagon's ghost hits you.
* * * LOW HITPOINT WARNING * * *
4thArraOfDagon's ghost hits you.
* * * LOW HITPOINT WARNING * * *
There is a stone staircase leading down here. 4thArraOfDagon's ghost hits you!
You die...

................ #. ####
#####.....####...##>####..
.......#### ..........# ####
.......# ##........###..##
.......# ##..^.......#....##
.......# #.......).........#
.......# ######.#.....>..).......
.......###......#................
........##......@........#......#
................W.......###....##
..####.##................###..##
#.........................#####
....##....................#
#....###..........#.......#
......##.#................#
........(#......#._.#.....######
........).................##...##


You could see 4thArraOfDagon's ghost.

Vanquished Creatures
  Purgy (D:3)
  A phantom (D:4)
  An ogre (D:4)
  Sigmund (D:3)
  A centaur skeleton (D:4)
  Ijyb (D:3)
  9 adders
  2 giant mites (D:3)
  3 worms
  An adder skeleton (D:4)
  An orc (D:4)
  8 bats
  2 giant cockroaches
  11 hobgoblins
  5 kobolds
  3 giant geckos
  2 giant newts
  13 goblins
  3 jackals (D:4)
  A quokka (D:4)
  13 rats
  A butterfly (D:3)
84 creatures vanquished.

Vanquished Creatures (others)
  A butterfly (D:3)
1 creature vanquished.

Grand Total: 85 creatures vanquished

Notes
Turn   | Place    | Note
--------------------------------------------------------------
     0 | D:1      | asthiss, the Minotaur Berserker, began the quest for the Orb.
     0 | D:1      | Reached XP level 1. HP: 19/19 MP: 1/1
   406 | D:1      | Reached XP level 2. HP: 27/27 MP: 1/1
   899 | D:2      | Reached skill level 4 in Fighting
  1000 | D:2      | Found a burning altar of Makhleb.
  1061 | D:2      | Acquired Trog's second power
  1068 | D:2      | Reached XP level 3. HP: 33/33 MP: 2/2
  2033 | D:3      | Noticed Ijyb
  2046 | D:3      | Killed Ijyb
  2046 | D:3      | Reached XP level 4. HP: 31/41 MP: 2/2
  2104 | D:3      | Found a shimmering altar of Xom.
  2162 | D:3      | Noticed Purgy
  2173 | D:3      | Killed Purgy
  2173 | D:3      | Reached skill level 5 in Maces & Flails
  2173 | D:3      | Reached XP level 5. HP: 41/47 MP: 2/2
  2380 | D:3      | Found a radiant altar of Vehumet.
  2425 | D:3      | Noticed Sigmund
  2440 | D:3      | Killed Sigmund
  2440 | D:3      | Reached skill level 5 in Fighting
  2440 | D:3      | Reached XP level 6. HP: 44/56 MP: 3/3
  2775 | D:4      | Reached skill level 6 in Maces & Flails
  2859 | D:4      | Noticed 4thArraOfDagon's ghost (average HOAM)
  3294 | D:4      | Found a radiant altar of Vehumet.
  3312 | D:4      | Got a crude ring mail
  3313 | D:4      | Identified the cursed -5 ring mail of Objectivity {rPois} (You found it on level 4 of the Dungeon)
  3413 | D:4      | Reached XP level 7. HP: 61/61 MP: 3/3
  3567 | D:4      | Gained mutation: You have large cloven feet. [potion of beneficial mutation]
  3573 | D:4      | Mangled by 4thArraOfDagon's ghost

Action                   |  1- 3 |  4- 6 |  7- 9 || total
-------------------------+-------+-------+-------++-------
Melee: Mace              |    82 |   129 |    14 ||   225
Invok: Berserk           |     1 |     5 |     1 ||     7
       Burn Spellbooks   |     1 |       |       ||     1
       Trog's Hand       |       |     5 |     1 ||     6
  Use: Scroll            |     6 |     3 |       ||     9
       Potion            |       |     2 |     1 ||     3
  Eat: Bread ration      |     2 |     1 |     1 ||     4
